 Dungeon Crawl Stone Soup version 0.27.1 (webtiles) character file.

Game seed: 14116386573580895631

95 Kold the Shield-Bearer (level 4, 0/35 HPs)
             Began as a Formicid Fighter on Sept 3, 2021.
             Slain by an orc (5 damage)
             ... on level 2 of the Dungeon.
             The game lasted 00:01:32 (1918 turns).

Kold the Shield-Bearer (Formicid Fighter)           Turns: 1918, Time: 00:01:32

Health: 0/35       AC:  6    Str: 22    XL:     4   Next: 95%
Magic:  13/13      EV:  8    Int:  7    God:
Gold:   70         SH: 10    Dex: 10    Spells: 3/3 levels left

rFire    . . .     SeeInvis +   a - +0 long sword
rCold    . . .     Faith    .   c - +0 kite shield
rNeg     . . .     Spirit   .   b - +0 scale mail
rPois    .         Reflect  .   (helmet unavailable)
rElec    .         Harm     .   (no cloak)
rCorr    .         Rampage  .   (no gloves)
Will     .....                  (no boots)
Stlth    ..........             (no amulet)
HPRegen  0.11/turn              e - +4 ring of slaying
MPRegen  0.13/turn              g - ring of magical power

@: no status effects
A: permanent stasis, dig shafts and tunnels, antennae 3, four strong arms
a: Dig, Shaft Self


You were on level 2 of the Dungeon.
You visited 1 branch of the dungeon, and saw 3 of its levels.

You collected 70 gold pieces.

Inventory:

Hand Weapons
 a - a +0 long sword (weapon)
Armour
 b - a +0 scale mail (worn)
 c - a +0 kite shield (worn)
Jewellery
 e - a +4 ring of slaying (left hand)
 g - a ring of magical power (right hand)
Scrolls
 f - a scroll of amnesia {unknown}
 h - a scroll of identify {unknown}
 i - 2 scrolls of vulnerability {unknown}
 l - a scroll of immolation {unknown}
Potions
 d - a potion of might
 j - a potion of attraction {unknown}
 k - a potion of flight {unknown}


   Skills:
 - Level 3.2 Fighting
 * Level 4.0 Long Blades
 - Level 3.2 Armour
 + Level 4.6 Shields


You had 3 spell levels left.
You didn't know any spells.
Your spell library contained the following spells:

 Spells                   Type           Power      Damage    Failure   Level
 Stone Arrow              Conj/Erth      0%         3d7       100%        3
 Animate Armour           Summ/Erth      0%         N/A       100%        4
 Lehudib's Crystal Spear  Conj/Erth      0%         10d2      100%        8


Dungeon Overview and Level Annotations

Branches:
Dungeon (3/15)

Altars:


Innate Abilities, Weirdness & Mutations

You cannot be hasted, slowed, berserked, paralysed or teleported.
You can dig through walls and to a lower floor.
You have a pair of large antennae on your head. (SInv)
Your four strong arms can wield two-handed weapons with a shield.


Message History

The orc is heavily wounded.
The orc closely misses you.
You hit the orc.
You kill the orc!
No target in view!
You climb downwards.
You block the orc's attack. The gnoll closely misses you.
The orc hits you with a +0 flail. You block the orc's attack.
You block the gnoll's attack.
There is a stone staircase leading up here.
Unknown command.
The orc hits you with a +0 flail. The orc hits you with a +0 flail!
You block the gnoll's attack.
You climb upwards.
There is a stone staircase leading down here.
You block the orc's attack.
You closely miss the orc. The orc barely misses you.
The orc hits you with a +0 flail.
You barely miss the orc. The orc closely misses you.
You hit the orc.
The orc is heavily wounded.
The orc hits you but does no damage. x2
You slash the orc!
You kill the orc!
You slash the gnoll!
The gnoll is heavily wounded.
The gnoll hits you with a +0 flail.
* * * LOW HITPOINT WARNING * * *
The gnoll closely misses you.
You closely miss the gnoll.
The gnoll is heavily wounded.
The gnoll barely misses you.
You riposte.
You hit the gnoll.
The gnoll is severely wounded.
You slash the gnoll!
You kill the gnoll!
Your Long Blades skill increases to level 4!
You barely miss the orc. The orc barely misses you.
You closely miss the orc. The orc hits you with a +0 flail.
* * * LOW HITPOINT WARNING * * *
The orc hits you with a +0 flail.
You die...

# #......#.......#.#.#...........
# #......#...†...#.#.#......#####
###......#...>...#.#.....#..#...#
##.......#..[....#.#.#.#.#..#.#.#
.'.......#.......#.#...#.#..#.#.#
##.......#.......#.#.###.##.#.#..
##...########.##.#|#.....##.#.###
##...# #.##o#.#.#.#.##.#....
##...# ####.##@#..........#.###
###### #....##.#...#.#....#.#.. #
#.##.##.#...#.#.##.#.#.# #
#.#####.#...#.#.##.#.#.# # #.#
#.#...#.#.#..#...# #
#.#####.#...#.#.#..##### #
#.#.....#...#........... #
#.#.#####...#.#.##.#####
#.#.#####...#<#.##.#...#


You could see an orc.

Vanquished Creatures
  Terence (D:2)
  A gnoll (D:2)
  2 adders (D:2)
  3 orcs
  4 ball pythons
  6 endoplasms (D:1)
  A giant cockroach (D:2)
  3 hobgoblins
  3 jackals (D:2)
  A quokka (D:1)
  3 bats
  2 frilled lizards (D:1)
  7 kobolds
  2 rats
39 creatures vanquished.

Notes
Turn   | Place    | Note
-------+----------+-------------------------------------------
     0 | D:1      | Kold the Formicid Fighter began the quest for the Orb.
     0 | D:1      | Reached XP level 1. HP: 18/18 MP: 1/1
    33 | D:1      | Reached XP level 2. HP: 18/24 MP: 2/2
   522 | D:1      | Reached XP level 3. HP: 29/29 MP: 3/3
   748 | D:2      | Found a faded altar of an unknown god.
   961 | D:2      | Noticed Terence
   968 | D:2      | Killed Terence
   969 | D:2      | Reached XP level 4. HP: 22/35 MP: 4/4
  1918 | D:2      | Slain by an orc

Illustrated notes

Levels and vault maps discovered:
D:1:      lightli_arrival_noodles, layout_basic, chequers_jeans,
          minmay_pentomino_v2
D:2:      layout_basic, hellmonk_ecumenical_altar_lost_god, roderic_lattice_a,
          uniq_terence
D:3:      layout_rooms, hex_large

Skill      XL: |  1  2  3  4 |
---------------+-------------+-----
Shields        | 4 |  4.6
Long Blades    | 3 4 |  4.0
Fighting       | |  3.2
Armour         | |  3.2

Action                   |  1- 3 |  4- 6 || total
-------------------------+-------+-------++-------
Melee: Long sword        |    51 |    36 ||    87
Armor: Scale mail        |    11 |    15 ||    26
Dodge: Dodged            |    11 |    15 ||    26
Block: Kite shield       |    29 |    23 ||    52
       Rpst.: Long sword |     2 |     3 ||     5
